 Dungeon Crawl Stone Soup version 0.19.1 (webtiles) character file.

7724 ImaNewbie the Cleaver (level 11, -5/93 HPs)
             Began as a Formicid Fighter on Dec 4, 2016.
             Was a Priest of Qazlal.
             Slain by a skeletal warrior
             ... wielding a +0 trident
             ... led by a skeletal warrior
              (19 damage)
             ... on level 8 of the Dungeon.
             The game lasted 00:23:54 (8716 turns).

ImaNewbie the Cleaver (Formicid Fighter)            Turns: 8716, Time: 00:23:55

Health: -5/93      AC:  9    Str: 21 (24) XL:     11   Next: 42%
Magic:  11/11      EV:  8    Int: 12 (13) God:    Qazlal [***...]
Gold:   295        SH: 15    Dex: 16 (17) Spells: 0 memorised, 10 levels left

rFire  . . .     SeeInvis +     a - +1 war axe (flame)
rCold  . . .     Gourm    .     q - +3 ring mail
rNeg   . . .     Faith    .     c - +1 shield
rPois  .         Spirit   .     (helmet unavailable)
rElec  .         Reflect  .     (no cloak)
rCorr  .         Harm     .     (no gloves)
MR     +....                    k - +0 pair of boots
Stlth  +.........               w - amulet of regeneration
                                x - +4 ring of dexterity
                                e - +3 ring of dexterity

@: brilliant, flying
A: permanent stasis, dig shafts and tunnels, four strong arms, antennae 3
a: Dig, Shaft Self, Upheaval, Elemental Force, Renounce Religion


You were on level 8 of the Dungeon.
You worshipped Qazlal.
Qazlal was most pleased with you.
You were hungry.

You visited 3 branches of the dungeon, and saw 10 of its levels.
You also visited: Ossuary.

You collected 295 gold pieces.

Inventory:

Hand Weapons
 a - a +1 war axe of flaming (weapon)
 b - a +0 blowgun
Missiles
 C - 75 poisoned needles
Armour
 c - a +1 shield (worn)
 k - a +0 pair of boots (worn)
 q - a +3 ring mail (worn)
 y - a +0 large shield
 D - a +0 plate armour
Jewellery
 e - a +3 ring of dexterity (left hand)
 j - an uncursed ring of ice
 o - an uncursed amulet of guardian spirit
 w - an amulet of regeneration (around neck)
 x - a +4 ring of dexterity (right hand)
Wands
 G - a wand of polymorph (15/24)
Scrolls
 g - 2 scrolls of enchant weapon
 h - 7 scrolls of remove curse
 p - a scroll of identify
 v - a scroll of brand weapon
 B - a scroll of vulnerability {unknown}
 F - 2 scrolls of noise
 H - a scroll of magic mapping
 J - a scroll of torment
Potions
 d - 2 potions of might
 i - 2 potions of magic
 l - 3 potions of curing
 m - 4 potions of agility
 n - 2 potions of lignification
 t - 2 potions of degeneration
 u - 2 potions of flight
Comestibles
 f - 11 bread rations
 r - a beef jerky
 z - 3 meat rations
 E - 8 fruits


   Skills:
 + Level 11.2 Fighting
 + Level 13.4 Axes
 - Level 3.2 Armour
 - Level 3.6 Shields


You had 10 spell levels left.
You didn't know any spells.

Dungeon Overview and Level Annotations

Branches:
Dungeon (8/15)             Temple (1/1) D:7            Lair (1/6) D:8

Altars:
Ashenzari
Cheibriados
Dithmenos
Elyvilon
Fedhas
Gozag
Hepliaklqana
Kikubaaqudgha
Nemelex Xobeh
Okawaru
Qazlal
Ru
Sif Muna
Trog
Uskayaw
Xom
Yredelemnul
Zin
The Shining One

Shops:
D:5 *

Annotations:
D:7 exclusion: downstairs


Innate Abilities, Weirdness & Mutations

You are under a permanent stasis effect.
You can dig through walls and to a lower floor.
Your four strong arms can wield two-handed weapons with a shield.
You have a pair of large antennae on your head. (SInv)


Message History

Unknown command.
It was a potion of flight.
You feel very buoyant.
You fly up into the air.
You block the phantom's attack.
You block the skeletal warrior's attack.
It was a potion of brilliance.
You feel clever all of a sudden. The phantom closely misses you.
The skeletal warrior hits you with a dire flail.
* * * LOW HITPOINT WARNING * * *
You block the skeletal warrior's attack.
You feel better.
The phantom blinks!
You block the skeletal warrior's attack.
The skeletal warrior hits you from afar with a trident!
* * * LOW HITPOINT WARNING * * *
You feel better.
The skeletal warrior hits you with a dire flail!
* * * LOW HITPOINT WARNING * * *
The skeletal warrior hits you from afar with a trident!!
You die...

..#........#
#...............##.#
#z#........#
###'##############<#
..#........# ##.##
#.........# ..z........#
#[))# ###########
..........#
#...############ .........#
#..............# ......####
#rzl.#########.# ........#
##z#.# #.# ........#
#@#.####### #.#
........########ยง#'#.....#
#.#
..........{[.........###.#
#.#
......########..)........#
#.# .........
#.......#######.# .........
#####.#.........# .........
#.########### ..#...... #.#
#.#...... #.#


You could see 2 skeletal warriors, an iguana and a river rat.

Vanquished Creatures
  2 skeletal warriors
  A black mamba (Lair:1)
  3 kobold demonologists (D:8)
  A komodo dragon (Lair:1)
  A hippogriff (D:8)
  Sigmund (D:4)
  A spriggan (D:7)
  Grum (D:8)
  A basilisk (D:8)
  A hungry ghost (D:8)
  An orc warrior (D:6)
  2 porcupines (D:8)
  2 sky beasts (D:6)
  2 ice beasts
  3 phantoms
  A necrophage (D:8)
  2 wolves (D:8)
  4 ogres
  4 centaurs (D:8)
  3 crocodiles (D:8)
  2 big kobolds (D:8)
  3 bullfrogs
  3 scorpions
  5 killer bees (D:7)
  2 howler monkeys
  2 crimson imps
  A bullfrog zombie (D:6)
  3 centaur zombies (Ossuary)
  2 jellies
  3 orc priests
  6 hounds
  A human zombie (Ossuary)
  A bullfrog skeleton (D:4)
  7 iguanas
  Ijyb (D:2)
  Natasha (thrice) (D:3)
  7 worker ants
  A killer bee zombie (D:7)
  2 big kobold zombies (Ossuary)
  2 mummies (Ossuary)
  Robin (D:3)
  13 adders
  8 gnolls
  4 river rats (D:8)
  3 shadow imps
  2 adder zombies (Ossuary)
  5 worms
  2 dart slugs
  10 leopard geckos
  21 orcs
  A ball python (D:2)
  9 giant cockroaches
  8 hobgoblins
  12 jackals
  8 kobolds
  4 quokkas
  4 bats
  A frilled lizard (D:2)
  20 goblins
  9 hobgoblin zombies (Ossuary)
  A jackal zombie (Ossuary)
  11 kobold zombies (Ossuary)
  A leopard gecko zombie (D:5)
  8 orc zombies (Ossuary)
  A quokka skeleton (D:7)
  5 rats
  3 fungi (Lair:1)
  3 plants (Lair:1)
272 creatures vanquished.

Vanquished Creatures (others)
  A bush (D:8)
  2 fungi (D:8)
  8 plants (D:8)
11 creatures vanquished.

Grand Total: 283 creatures vanquished

Notes
Turn   | Place    | Note
-------+----------+-------------------------------------------
     0 | D:1      | ImaNewbie the Formicid Fighter began the quest for the Orb.
     0 | D:1      | Reached XP level 1. HP: 18/18 MP: 1/1
   178 | D:1      | Reached XP level 2. HP: 18/24 MP: 2/2
   885 | D:2      | Reached skill level 3 in Axes
   950 | D:2      | Reached XP level 3. HP: 27/29 MP: 3/3
  1248 | D:2      | Noticed Ijyb
  1250 | D:2      | Reached skill level 4 in Axes
  1250 | D:2      | Reached XP level 4. HP: 35/35 MP: 4/4
  1269 | D:2      | Killed Ijyb
  1903 | D:3      | Found a sacrificial altar of Ru.
  2114 | D:3      | Reached XP level 5. HP: 41/41 MP: 5/5
  2123 | D:2      | Reached skill level 5 in Axes
  2237 | D:2      | Reached XP level 6. HP: 30/47 MP: 3/6
  2380 | D:3      | Reached skill level 6 in Axes
  2569 | D:3      | Noticed Robin
  2595 | D:3      | Killed Robin
  2634 | D:3      | Noticed Natasha
  2654 | D:3      | Killed Natasha
  2826 | D:3      | Found a blossoming altar of Fedhas.
  3000 | D:3      | Noticed Natasha
  3004 | D:3      | Killed Natasha
  3014 | D:3      | Found a sacrificial altar of Ru.
  3083 | D:3      | Found a blossoming altar of Fedhas.
  3264 | D:3      | Found a sacrificial altar of Ru.
  3357 | D:3      | Noticed Natasha
  3367 | D:3      | Killed Natasha
  3519 | D:4      | Noticed an ogre
  3531 | D:3      | Reached skill level 7 in Axes
  3531 | D:3      | Reached XP level 7. HP: 51/52 MP: 7/7
  3998 | D:4      | Reached skill level 8 in Axes
  4084 | D:4      | Noticed Sigmund
  4100 | D:4      | Killed Sigmund
  4100 | D:4      | Reached XP level 8. HP: 16/58 MP: 8/8
  4288 | D:4      | Found a snail-covered altar of Cheibriados.
  4309 | D:4      | Reached skill level 9 in Axes
  4553 | D:4      | Found a shimmering altar of Xom.
  4569 | D:4      | Found a shadowy altar of Dithmenos.
  4729 | D:5      | Entered Level 5 of the Dungeon
  4789 | D:5      | Found Ubenesul's General Store.
  5146 | D:5      | Found a deep blue altar of Sif Muna.
  5146 | D:5      | Found a glowing golden altar of the Shining One.
  5378 | D:6      | Reached skill level 10 in Axes
  5444 | D:6      | Reached XP level 9. HP: 66/66 MP: 9/9
  5612 | D:6      | Reached skill level 5 in Fighting
  5707 | D:6      | Identified the Collected Works on Attacks and Flames
  6133 | D:6      | Found a hide-covered altar of Uskayaw.
  6133 | D:6      | Found an ancient bone altar of Kikubaaqudgha.
  6138 | D:6      | Found a faded altar of an unknown god.
  6140 | D:6      | Found a shimmering altar of Xom.
  6141 | D:6      | Found a basalt altar of Yredelemnul.
  6528 | D:7      | Found a staircase to the Ecumenical Temple.
  6537 | Temple   | Entered the Ecumenical Temple
  6582 | Temple   | Became a worshipper of Qazlal Stormbringer
  6650 | D:7      | Reached skill level 11 in Axes
  7069 | D:8      | Found a sand-covered staircase.
  7073 | Ossuary  | Entered an ossuary
  7145 | Ossuary  | Reached * piety under Qazlal
  7182 | Ossuary  | Reached XP level 10. HP: 79/79 MP: 10/10
  7297 | D:8      | Noticed a kobold demonologist
  7297 | D:8      | Noticed a kobold demonologist
  7313 | D:8      | Killed a kobold demonologist
  7314 | D:8      | Noticed an ice devil
  7331 | D:8      | Noticed a kobold demonologist
  7334 | D:8      | Killed a kobold demonologist
  7353 | D:8      | Noticed a rust devil
  7353 | D:8      | Killed a kobold demonologist
  7353 | D:8      | Reached ** piety under Qazlal
  7353 | D:8      | Reached skill level 12 in Axes
  7495 | D:8      | Noticed Grum
  7505 | D:8      | Killed Grum
  7881 | D:8      | Noticed a skeletal warrior
  7882 | D:8      | Noticed a skeletal warrior
  7882 | D:8      | Noticed a skeletal warrior
  7883 | D:8      | Noticed a skeletal warrior
  7886 | D:8      | Noticed a skeletal warrior
  7905 | D:8      | Reached *** piety under Qazlal
  7925 | D:8      | Reached skill level 10 in Fighting
  7941 | D:7      | Killed a skeletal warrior
  7941 | D:7      | Reached XP level 11. HP: 20/90 MP: 11/11
  8141 | D:8      | Reached skill level 13 in Axes
  8142 | D:8      | Found a staircase to the Lair.
  8280 | D:8      | Killed a skeletal warrior
  8370 | Lair:1   | Entered Level 1 of the Lair of Beasts
  8395 | Lair:1   | HP: 4/92 [poisoned by a black mamba]
  8400 | Lair:1   | HP: 4/92 [poisoned by a black mamba]
  8716 | D:8      | Slain by a skeletal warrior

Skill      XL: |  1  2  3  4  5  6  7  8  9 10 11 |
---------------+----------------------------------+-----
Axes           | 3 4 5 7 8 10 11 12 13 | 13.4
Fighting       | 4 7 10 11 | 11.2
Armour         | |  3.2
Shields        | |  3.6

Action                   |  1- 3 |  4- 6 |  7- 9 | 10-12 || total
-------------------------+-------+-------+-------+-------++-------
Melee: War axe           |    93 |   194 |   401 |   269 ||   957
 Fire: Blowgun           |       |       |     2 |       ||     2
 Abil: Dig               |       |       |       |     1 ||     1
  Use: Scroll            |       |     1 |    13 |     2 ||    16
       Potion            |       |       |       |    11 ||    11
  Eat: Chunk             |     1 |     8 |    12 |     6 ||    27
Armor: Scale mail        |    46 |       |       |       ||    46
       Ring mail         |     1 |    98 |   104 |    52 ||   255
Dodge: Dodged            |    36 |    84 |    98 |    44 ||   262
Block: Shield            |    45 |   140 |   196 |   176 ||   557
